 Dungeon Crawl Stone Soup version 0.24.0-1-gfbc8707 (webtiles) character file.

Game seed: 12766903449251667755, levelgen mode: deterministic

85 Busket the Covered (level 4, -1/40 HPs)
             Began as a Hill Orc Fighter on Nov 7, 2019.
             Slain by Natasha (6 damage)
             ... on level 2 of the Dungeon.
             The game lasted 00:11:21 (1595 turns).

Busket the Covered (Hill Orc Fighter)               Turns: 1595, Time: 00:11:22

Health: -1/40      AC:  7    Str: 24    XL:     4   Next: 48%
Magic:  4/4        EV:  7    Int:  8    God:
Gold:   109        SH:  9    Dex: 10    Spells: 3/3 levels left

rFire    . . .     SeeInvis .   a - +0 long sword
rCold    . . .     Gourm    .   c - +0 shield
rNeg     . . .     Faith    .   b - +0 scale mail
rPois    .         Spirit   .   (no helmet)
rElec    .         Reflect  .   (no cloak)
rCorr    .         Harm     .   (no gloves)
MR       .....                  (no boots)
Stlth    ..........             (no amulet)
HPRegen  0.13/turn              (no ring)
MPRegen  0.09/turn              (no ring)

@: mighty, slowed, very slow
A: no striking features
a: no special abilities


You were on level 2 of the Dungeon.
You were very hungry.

You visited 1 branch of the dungeon, and saw 2 of its levels.

You collected 109 gold pieces.

Inventory:

Hand Weapons
 a - a +0 long sword (weapon)
 l - a cursed -2 dagger
 r - a +3 dagger
 s - a +0 hunting sling
Missiles
 k - 90 stones (quivered)
 t - 22 sling bullets
Armour
 b - a +0 scale mail (worn)
 c - a +0 shield (worn)
 g - a +0 ring mail
Jewellery
 i - an uncursed amulet of regeneration {unknown}
Scrolls
 e - 8 scrolls of teleportation {unknown}
 h - 2 scrolls of identify {unknown}
 m - a scroll of blinking {unknown}
 n - a scroll of remove curse {unknown}
 p - a scroll of amnesia {unknown}
Potions
 j - a potion of haste {unknown}
 o - a potion of ambrosia {unknown}
Comestibles
 f - 2 rations


   Skills:
 + Level 4.3 Fighting
 + Level 2.9 Long Blades
 * Level 4.4 Armour
 + Level 3.8 Shields


You had 3 spell levels left.
You didn't know any spells.
Your spell library was empty.

Dungeon Overview and Level Annotations

Branches:
Dungeon (2/15)

Altars:

Annotations:
D:2 Natasha


Message History

You feel as though you will be slow longer.
There is a stone staircase leading up here.
You are too injured to fight recklessly!
You barely miss Natasha. You block Natasha's attack. Natasha claws you!
* * * LOW HITPOINT WARNING * * *
You feel very mighty all of a sudden. You block Natasha's attack.
Natasha mumbles some strange words.
You are too injured to fight recklessly!
You closely miss Natasha. Natasha claws you.
* * * LOW HITPOINT WARNING * * *
The crimson imp hits you but does no damage.
Natasha claws you.
* * * LOW HITPOINT WARNING * * *
You hit Natasha.
Natasha is moderately wounded.
The crimson imp barely misses you.
You riposte.
Your shield and scale mail prevent you from hitting the crimson imp.
Natasha claws you.
You die...

#....#..#...####
#####.#
#.#..####......######
#.#
#..........##.......#
#.#
###..##..#.##.......#
#.#
##.##.....#.......#
#.#
#........#.).....#
#.#
#.###.#..#.......#
#h#
#.......h5.......#
#.#
########@##.#.#.##
##.# #........# #
#5.# #.#.##>###.#
#†##
##.#.##.###.#####.
#...............#.
#..#.#..#.#.......
#..#......#..## .#
#............# ..
#.......#.#.## ..


You could see Natasha and a crimson imp.

Vanquished Creatures
  Natasha (D:2)
  An adder (D:2)
  3 worms (D:2)
  2 dart slugs (D:1)
  A leopard gecko (D:1)
  3 giant cockroaches (D:1)
  7 goblins
  4 hobgoblins (D:1)
  2 quokkas (D:2)
  2 bats (D:1)
  6 kobolds
  6 rats (D:1)
38 creatures vanquished.

Notes
Turn   | Place    | Note
-------+----------+-------------------------------------------
     0 | D:1      | Busket the Hill Orc Fighter began the quest for the Orb.
     0 | D:1      | Reached XP level 1. HP: 19/19 MP: 1/1
    95 | D:1      | Reached XP level 2. HP: 20/27 MP: 2/2
   596 | D:1      | Reached XP level 3. HP: 33/33 MP: 3/3
  1317 | D:2      | Reached XP level 4. HP: 39/40 MP: 4/4
  1427 | D:2      | Noticed Natasha
  1443 | D:2      | Killed Natasha
  1558 | D:2      | Noticed Natasha
  1595 | D:2      | Slain by Natasha

Levels and vault maps discovered:
D:1:      minmay_arrival_glassed_features, layout_loops_cross, serial_forest,
          infiniplex_forest_straight_4, infiniplex_forest_lined_3,
          infiniplex_forest_3_way, infiniplex_forest_clump_curved,
          infiniplex_forest_end_2, infiniplex_forest_corner_1,
          infiniplex_forest_lined_3_way, st_stairs_6
D:2:      layout_loops_cross, first_ration, minmay_hexomino_c4, uniq_jessica,
          uniq_robin, uniq_natasha

Skill      XL: |  1  2  3 |
---------------+----------+-----
Fighting       | 4 |  4.3
Armour         | 4 |  4.4
Long Blades    | |  2.9
Shields        | |  3.8

Action                   |  1- 3 |  4- 6 || total
-------------------------+-------+-------++-------
Melee: Long sword        |   128 |    17 ||   145
  Use: Potion            |       |     1 ||     1
  Eat: Chunk             |       |     1 ||     1
Armor: Scale mail        |    57 |     3 ||    60
Dodge: Dodged            |    37 |     2 ||    39
Block: Shield            |    57 |    10 ||    67
       Rpst.: Long sword |    10 |     2 ||    12
